Unix NetHack Version 3.7.0-88 Work-in-progress - last build Aug 21 2023 04:08:40 (b68ccb3e4f8f5dcb83e1e40b1ff56e7dffd4cd28,branch:master). Game began 2023-08-31 09:14:40, ended 2023-08-31 10:01:09. MargeBouvier, chaotic female elven Wizard -------------- ------ --------------- ##..............#####-------- ###.....| |..|.......*..| # |............| #.......| ## |....| |.............| # |....@:f.....| #|......| ######....`-# -------------.- # |.............# #|......|###0 # ------# ## # --------------# #--.-----# # # ## # # # # # # # ## # # # # #### # ## # # # # # ###### ## ## # # #### # # # # ## # # #----- # ### ## # #-------- ## # #|...| # # ### # #|......| -----------.----# #-.{>-#### ---.-## #|[..<..| |.....`........-# |...| |...|# #|......| |..............| |...-### |...|# #|......| |..............| |...| 0####-...|# #.......| |..............| ----- |....# -------- ---------------- ----- MargeBouvier the Thaumaturge St:7 Dx:11 Co:16 In:20 Wi:12 Ch:11 Chaotic Dlvl:7 $:528 HP:0(55) Pw:57(77) AC:6 Exp:7 T:7477 Burdened Latest messages: You hear the footsteps of a guard on patrol. Where do you want to travel to? (For instructions type a '?') You swap places with Scrag-Bag. You swap places with Scrag-Bag. You hit the crocodile. The crocodile bites! The crocodile hits! You miss the crocodile. The crocodile bites! The crocodile hits! You hit the crocodile. The crocodile bites! The crocodile hits! You hit the crocodile. The crocodile bites! The crocodile hits! You swap places with Scrag-Bag. Scrag-Bag misses it. You hear some noises. You swap places with Scrag-Bag. You hear water falling on coins. You stop waiting. Scrag-Bag misses the crocodile. Scrag-Bag misses the crocodile. Scrag-Bag bites the crocodile. In what direction? The spell misses the crocodile. Scrag-Bag bites the crocodile. The crocodile bites Scrag-Bag. The crocodile hits Scrag-Bag. In what direction? The spell misses the crocodile. In what direction? The spell misses the crocodile. In what direction? The spell hits the bat! You kill the bat! A pink potion shatters! You smell a peculiar odor... What do you want to write with? [- ac-gpqtvzA-CGNOQRUX or ?*] You write in the dust with your fingertip. The crocodile bites! The crocodile hits! You die... Do you want your possessions identified? [ynq] (y) Do you want to see your attributes? [ynq] (y) Do you want an account of creatures vanquished? [ynaq] (y) Do you want to see your conduct and achievements? [ynq] (y) Do you want to see the dungeon overview? [ynq] (y) Inventory: Coins $ - 528 gold pieces Weapons B - 9 cursed -1 crossbow bolts C - a +1 crossbow Q - a +0 crossbow R - a cursed +0 elven dagger a - a blessed +1 quarterstaff (weapon in hands) Armor b - an uncursed +0 cloak of magic resistance (being worn) T - an uncursed +0 mummy wrapping y - an uncursed +0 studded leather armor (being worn) Comestibles r - 4 uncursed slime molds J - 5 uncursed food rations F - an uncursed fortune cookie M - 3 uncursed tripe rations o - an uncursed lichen corpse m - an uncursed lizard corpse Scrolls u - an uncursed scroll of confuse monster P - a cursed scroll of destroy armor Z - a blessed scroll of enchant armor Y - an uncursed scroll of enchant weapon E - an uncursed scroll of fire k - an uncursed scroll of gold detection s - 2 uncursed scrolls of identify x - a cursed scroll of identify i - an uncursed scroll of light j - an uncursed scroll of scare monster I - 2 uncursed scrolls of taming L - 2 uncursed scrolls of teleportation Potions K - an uncursed potion of gain ability Rings A - a cursed -1 ring of adornment t - an uncursed ring of fire resistance z - an uncursed ring of invisibility p - an uncursed ring of poison resistance v - an uncursed ring of polymorph control e - an uncursed ring of see invisible d - an uncursed ring of teleportation Wands q - a wand of create monster (0:14) g - a wand of digging (0:5) X - a wand of light (0:14) f - a wand of light (0:12) G - a wand of light (0:11) c - a wand of opening (0:5) Tools n - an uncursed bugle D - an uncursed leash w - an uncursed magic whistle l - an uncursed oil lamp h - a +0 pick-axe H - a cursed tin whistle Gems/Stones O - an uncursed worthless piece of black glass N - an uncursed worthless piece of blue glass U - an uncursed worthless piece of yellowish brown glass MargeBouvier the Wizard's attributes: Background: You were a Thaumaturge, a level 7 female elven Wizard. You were chaotic, on a mission for Anhur who was opposed by Ptah (lawful) and Thoth (neutral). You were in the Dungeons of Doom, on level 7. You entered the dungeon 7477 turns ago. There was a full moon in effect when your adventure ended. You had 837 experience points, 443 more were needed to attain level 8. Basics: You had 0 out of 55 hit points. You had 57 out of 77 energy points (spell power). Your armor class was 6. Your wallet contained 528 zorkmids. Autopickup was off. Final Characteristics: Your strength was 7 (peak:9, limit:18). Your dexterity was 11 (limit:18). Your constitution was 16 (limit:16). Your intelligence was 20 (limit:20). Your wisdom was 12 (limit:20). Your charisma was 11 (limit:18). Final Status: You were not hungry. You were burdened; movement was slightly slowed. You were wielding a quarterstaff. You had basic skill with quarterstaff and could have enhanced that. Final Attributes: You were piously aligned. You were magic-protected. You were sleep resistant. You were telepathic. You had infravision. You were warded. You were lucky. You are dead. Miscellaneous: You never encountered a bones level. Total elapsed playing time was 40 minutes and 16 seconds. Major events: Turn 1: MargeBouvier the chaotic female elven Wizard entered the dungeon 1483: attained the rank of Conjurer (level 3) 1491: entered the Gnomish Mines 4168: attained the rank of Thaumaturge (level 6) 7477: killed by a crocodile Vanquished creatures: a small mimic a giant beetle a quivering blob 2 leprechauns a gnome ruler a dwarf mummy a gold golem a lizard a blue jelly a plains centaur an ape a Woodland-elf 5 Mordor orcs 2 rock piercers 2 rock moles 2 yellow lights a shrieker a kobold mummy 2 giant ants a little dog 2 floating eyes 2 dwarves a kobold leader a kobold shaman 2 hill orcs 5 rothes 2 giant bats a monkey an orc zombie 7 dwarf zombies 4 acid blobs 3 hobbits 11 manes 3 large kobolds 2 hobgoblins 3 giant rats 2 cave spiders a brown mold a yellow mold 2 green molds 2 garter snakes a gnome zombie 3 geckos 6 jackals 3 foxes 3 kobolds 5 goblins 2 sewer rats 7 grid bugs 3 bats 6 lichens 2 kobold zombies 5 newts 133 creatures vanquished. No species were genocided or became extinct. Voluntary challenges: You read items or engraved 7 times. You engraved Elbereth 5 times. You never genocided any monsters. You never polymorphed an object. You never changed form. You used no wishes. Achievements: You entered a shop. You attained the rank of Conjurer. You entered the Gnomish Mines. You attained the rank of Thaumaturge. The Dungeons of Doom: levels 1 to 7 Level 1: A fountain. Level 2: A general store. Stairs down to The Gnomish Mines. Level 3: A general store. Level 4: Level 5: A fountain. Level 6: A fountain. Level 7: <- You were here. A fountain, a grave. Final resting place for you, killed by a crocodile. The Gnomish Mines: Level 3: Game over: ---------- / \ / REST \ / IN \ / PEACE \ / \ | MargeBouvier | | 528 Au | | killed by a | | crocodile | | | | | | 2023 | *| * * * | * _________)/\\_//(\/(/\)/\//\/|_)_______ Goodbye MargeBouvier the Wizard... You died in The Dungeons of Doom on dungeon level 7 with 4134 points, and 528 pieces of gold, after 7477 moves. You were level 7 with a maximum of 55 hit points when you died.